 Dungeon Crawl Stone Soup version 0.22.0-60-ga52c2fc (webtiles) character file.

7 Monsterracer the Vexing (level 1, -2/10 HPs)
             Began as a Deep Elf Enchanter on Sept 9, 2018.
             Slain by a hobgoblin
             ... wielding a +0 club
              (4 damage)
             ... on level 1 of the Dungeon.
             The game lasted 00:03:31 (551 turns).

Monsterracer the Vexing (Deep Elf Enchanter)         Turns: 551, Time: 00:03:31

Health: -2/10      AC:  2    Str:  5    XL:     1   Next: 83%
Magic:  6/6        EV: 13    Int: 19    God:
Gold:   0          SH:  0    Dex: 15    Spells: 5/6 levels left

rFire    . . .     SeeInvis .   a - +1 dagger
rCold    . . .     Gourm    .   (no shield)
rNeg     . . .     Faith    .   b - +0 robe
rPois    .         Spirit   .   (no helmet)
rElec    .         Reflect  .   (no cloak)
rCorr    .         Harm     .   (no gloves)
MR       .....                  (no boots)
Stlth    ++........             (no amulet)
HPRegen  0.03/turn              (no ring)
MPRegen  0.10/turn              (no ring)

@: no status effects
A: no striking features
a: no special abilities


You were on level 1 of the Dungeon.
You were not hungry.

You visited 1 branch of the dungeon, and saw 1 of its levels.

Inventory:

Hand Weapons
 a - a +1 dagger (weapon)
Armour
 b - a +0 robe (worn)
Scrolls
 d - a scroll of remove curse {unknown}
Potions
 e - a potion of haste {unknown}
Comestibles
 c - a ration


   Skills:
 + Level 2.0 Short Blades
 - Level 2.4 Dodging
 - Level 3.6 Stealth
 - Level 3.0 Spellcasting
 - Level 4.0 Hexes


You had 5 spell levels left.
You knew the following spells:

 Your Spells              Type           Power        Failure   Level  Hunger
j - Corona                Hex            ###....      3%          1    None

Your spell library contained the following spells:

 Spells                   Type           Power        Failure   Level  Hunger
 Confuse                  Hex            ###.....     9%          3    ###....
 Tukima's Dance           Hex            ###.....     9%          3    ###....
 Ensorcelled Hibernation  Hex/Ice        ##....       10%         2    ##.....
 Dazzling Spray           Conj/Hex       ##....       21%         3    ###....


Dungeon Overview and Level Annotations

Branches:
Dungeon (1/15)

Altars:


Message History

You butcher the frilled lizard corpse.
d - 3 chunks of flesh (gained 1)
You see here a dart slug corpse.
You start resting.
Magic restored.
Your magical contamination has completely faded away.
MP restored: 6 You start resting.
Some of the chunks of flesh in your inventory have rotted away.
HP restored.
Health restored: 10 Unknown command.
e - a yellow potion A kobold comes into view.
It is wielding a dagger.
Found a plate armour.
Casting: Corona (safe; 3% risk of failure)
Confirm with . or Enter, or press ? or * to list all spells.
Okay, then.
Casting: Corona (safe; 3% risk of failure)
Confirm with . or Enter, or press ? or * to list all spells.
Aiming: Corona (safe; 3% risk of failure)
Press: ? - help, Shift-Dir - straight line, f - kobold
Aim: a kobold, wielding a dagger (chance to defeat MR: 73%)
The kobold is outlined in light.
The kobold barely misses you.
You now have 5/6 mp.
You barely miss the kobold. The kobold hits you with a dagger.
You take 3 damage, and have 7/10 hp.
MASSIVE DAMAGE!!
You barely miss the kobold. The kobold barely misses you.
You hit the kobold.
The kobold is moderately wounded.
The kobold barely misses you.
You barely miss the kobold.
The kobold is moderately wounded.
The kobold closely misses you.
You hit the kobold.
You kill the kobold!
Things that are here:
a dagger; a kobold corpse MP restored: 6 You start resting.
All of the chunks of flesh in your inventory have rotted away.
HP restored.
Health restored: 10
d - a scroll labeled CIPNIMOE URITH
Found a stone staircase leading down.
As you open the door, it creaks loudly!
A kobold comes into view.
The kobold shouts!
You hear a shout!
Casting: Corona (safe; 3% risk of failure)
Confirm with . or Enter, or press ? or * to list all spells.
Aiming: Corona (safe; 3% risk of failure)
Press: ? - help, Shift-Dir - straight line, f - kobold
Aim: a kobold (chance to defeat MR: 73%)
The kobold is outlined in light.
You now have 5/6 mp.
You hit the kobold.
The kobold is moderately wounded.
The kobold closely misses you.
You hit the kobold.
You kill the kobold!
Your Short Blades skill increases to level 2!
A hobgoblin comes into view. It is wielding a club.
A hobgoblin is nearby!
A hobgoblin is nearby!
Casting: Corona (safe; 3% risk of failure)
Confirm with . or Enter, or press ? or * to list all spells.
Aiming: Corona (safe; 3% risk of failure)
Press: ? - help, Shift-Dir - straight line, f - hobgoblin
Aim: a hobgoblin, wielding a club (chance to defeat MR: 73%)
The hobgoblin is outlined in light.
You now have 4/6 mp.
Found a helmet.
There is a stone staircase leading down here.
You hit the hobgoblin but do no damage. The hobgoblin closely misses you.
You hit the hobgoblin but do no damage. The hobgoblin misses you.
You hit the hobgoblin.
The hobgoblin is lightly wounded.
The hobgoblin hits you with a club.
Ouch! That really hurt!
* * * LOW HITPOINT WARNING * * *
You take 6 damage, and have 4/10 hp.
MASSIVE DAMAGE!!
The hobgoblin stops glowing.
MP restored: 6 (m)acro, (M)acro raw, keymap [(k) default, (x) level-map, (t)argeting, Input macro trigger key: b Input macro action:
Okay, then. (m)acro, (M)acro raw, keymap [(k) default, (x) level-map, (t)argeting, Input macro trigger key: p Input macro action: bhhyuuunjj Created macro 'p' => 'bhhyuuunjj'.
The hobgoblin hits you with a club.
* * * LOW HITPOINT WARNING * * *
You take 4 damage, and have 1/10 hp.
MASSIVE DAMAGE!!
Unknown command.
A hobgoblin comes into view. It is wielding a club.
The hobgoblin shouts!
Unknown command.
You hit the hobgoblin but do no damage. The hobgoblin hits you with a club.
You die...

#+#....#.# ########..#
#....⌠.#.## #.......#>#
#..#......###.......#.#
+.####.....##.).......'
#..#.................##
#....⌠.#.####........#
###'#..g.#.# #...)....#
#...#..###g# #........#
#<..#..g@..#
#..........
############
#.[.....### ######+##


You could see 2 hobgoblins.

Vanquished Creatures
  A dart slug (D:1)
  A hobgoblin (D:1)
  2 frilled lizards (D:1)
  2 kobolds (D:1)
6 creatures vanquished.

Notes
Turn   | Place    | Note
-------+----------+-------------------------------------------
     0 | D:1      | Monsterracer the Deep Elf Enchanter began the quest for the
                  | Orb.
     0 | D:1      | Reached XP level 1. HP: 10/10 MP: 6/6
    29 | D:1      | HP: 2/10 [hobgoblin (4)]
   184 | D:1      | HP: 5/10 [hobgoblin (2)]
   192 | D:1      | HP: 4/10 [frilled lizard (1)]
   492 | D:1      | HP: 4/10 [hobgoblin/club (6)]
   512 | D:1      | HP: 1/10 [hobgoblin/club (4)]
   551 | D:1      | Slain by a hobgoblin

Skill      XL: |  1 |
---------------+----+-----
Short Blades   | 2 |  2.0
Dodging        | |  2.4
Stealth        | |  3.6
Spellcasting   | |  3.0
Hexes          | |  4.0

Action                   || total
-------------------------++-------
Melee: Dagger            ||    35
 Cast: Corona            ||     8
Dodge: Dodged            ||    25

Vault maps used:
D:1:      dpeg_arrival_court
